Zazza, neutral female human Tourist ---------- |........| |........| -+---+-- |........| |........## #I.....<...| |..... # # |........| |. #### |........+ -- # -------.-- Zazza the Rambler Experience level: 1 Strength: 10 Dexterity: 10 Constitution: 18 Intelligence: 12 Wisdom: 7 Charisma: 17 Health: 0(12) Energy: 2(2) Def: 2 Gold: 1370 Moves: 2277 Dungeon seed: _arncBtlFUmfim2y Game ID: Zazza_1618651231 Your Inventory: Coins $ - 1370 gold pieces Weapons a - 27 +2 darts s - a +0 aklys u - a +0 elven dagger C - a +0 orcish dagger D - a cursed -3 dagger E - a cursed -1 dagger Armor e - an uncursed +0 Hawaiian shirt (being worn) n - an uncursed +0 pair of kicking boots (being worn) q - an uncursed +0 orcish helm N - an uncursed +0 orcish helm (being worn) Comestibles b - an uncursed tripe ration d - 6 uncursed food rations f - an uncursed pancake h - an uncursed egg J - an uncursed orange Scrolls v - an uncursed scroll of amnesia w - an uncursed scroll of confuse monster z - an uncursed scroll of magic mapping K - an uncursed scroll of teleportation L - an uncursed scroll of identify Potions j - an uncursed potion of extra healing o - a potion of unholy water r - an uncursed potion of confusion x - an uncursed potion of water F - an uncursed potion of levitation G - an uncursed potion of speed Wands p - a wand of light (0:13) Tools k - an uncursed skeleton key l - an expensive camera (0:92) m - an uncursed credit card y - an uncursed blindfold Spells and supernatural/magical abilities: Name Level Category Fail Memory W - pray for help -- divine ? -- Your skills at the end: Fighting Skills Weapon Skills dart [Basic] Spellcasting Skills Final Attributes: You were nominally aligned. You are dead. Vanquished creatures: a shrieker an acid blob 2 hobbits a large kobold 4 giant rats a green mold a red mold 2 geckos 8 jackals 3 foxes a kobold 3 goblins 5 sewer rats 5 grid bugs 7 lichens 3 newts 48 creatures vanquished. Voluntary challenges: You used a wielded weapon 7 times, starting on turn 843. You read items or engraved 4 times, starting on turn 772. You never genocided any monsters. You never polymorphed an object. You never changed form. You used no wishes. You never split a pudding. You wrote Elbereth's name 1 time, starting on turn 1907. You never violated your personal moral code. Dungeon overview: The Dungeons of Doom: levels 1 to 5 Level 1 an altar to Blind Io, a fountain a long staircase Level 2 Level 3 some fountains stairs to The Gnomish Mines Level 4 an altar to The Lady, a fountain Level 5 <- You were here The Gnomish Mines: Level 4 stairs to The Dungeons of Doom History has recorded: On T:1 you entered the Dungeons of Doom to retrieve the Amulet of Yendor! On T:50 you reached level 2 of The Dungeons of Doom. On T:462 you reached level 3 of The Dungeons of Doom. On T:1573 you reached level 1 of The Gnomish Mines. On T:1679 you reached level 4 of The Dungeons of Doom. On T:2253 you reached level 5 of The Dungeons of Doom. Score breakdown: Gold: 734 ( 9750 points) Experience: 1 level ( 0 points) Exploration: 5 levels ( 10.00%) ( 8571 points) Discoveries: 1 item ( 0.34%) ( 1737 points) Valuables value: (no points given unless you survive) Artifact value: 0 ( 0 points) Variety of kills: 16 monsters ( 4.20%) ( 6147 points) Turncount: 2277 turns ( -192 points) Survival: died (score multiplied by 80%) Total score: 20810 Latest messages: You start equipping your iron skull cap. You take off your iron skull cap. Armand drops an uncursed chest. You are now wearing an iron skull cap. A +0 iron skull cap lands on the altar. q - an uncursed +0 iron skull cap. Where do you want to travel to? Armand bites the large kobold. The large kobold misses Armand. (2x) Armand bites the large kobold. The large kobold is killed! The homunculus bites! (3x) You hear some noises. The homunculus bites! You stop. Armand is in the way! The homunculus bites! You are put to sleep! It bites! (2x) You die... Final status: Aloha Zazza the Tourist, killed by a homunculus, while sleeping... You died in The Dungeons of Doom on dungeon level 5 with 20810 points, and 1370 pieces of gold, after 2277 moves. You were level 1 with a maximum of 12 hit points when you died.